 Dungeon Crawl Stone Soup version 0.17.1-2-g5865329 (webtiles) character file.

16598 JustSomeDude the Blocker (level 12, -3/144 HPs)
             Began as a Demonspawn Monk on Jan 28, 2016.
             Impaled on a porcupine's spines (16 damage)
             ... on level 3 of the Lair of Beasts.
             The game lasted 00:40:11 (11809 turns).

JustSomeDude the Blocker (Demonspawn Monk)         Turns: 11809, Time: 00:40:11

Health: -3/144     AC: 26    Str: 19    XL:     12   Next: 11%
Magic:  12/12      EV:  2    Int: 14    God:
Gold:   985        SH: 13    Dex: 26    Spells: 0 memorised, 11 levels left

rFire  . . .     SeeInvis .     z - +3 hand axe (freeze)
rCold  . . .     Clarity  .     (armour currently unavailable)
rNeg   + + +     SustAt   .     B - +0 shield of Huebowk {Dex+4 Stlth+}
rPois  +         Gourm    .     (helmet unavailable)
rElec  .         Spirit   .     (cloak currently unavailable)
rCorr  .         Warding  .     (gloves currently unavailable)
rMut   .         NoTele   +     (boots currently unavailable)
MR     +....                    r - amulet of rage
Stlth  +++++++...               (no ring)
                                J - +2 ring of dexterity

@: agile, lethally poisoned (-3 -> -4), tree-form, very slightly contaminated,
somewhat resistant to hostile enchantments, extremely stealthy
A: (horns 0), rugged brown scales 2, clever 1, (fire resistance 0), magic
resistance 1, (spiny 0), strong 1, wild magic 1
a: Evoke Berserk Rage


You were on level 3 of the Lair of Beasts.
You were hungry.
You were a tree.
You visited 4 branches of the dungeon, and saw 18 of its levels.
You also visited: Sewer.

You collected 985 gold pieces.

Inventory:

Hand Weapons
 z - a +3 hand axe of freezing (weapon)
Missiles
 m - 6 javelins of penetration (quivered)
Armour
 h - a +0 chain mail
 j - a steam dragon hide
 o - a +0 pair of boots (melded)
 w - a +0 large shield
 B - the +0 shield of Huebowk (worn) {Dex+4 Stlth+}
   (You found it on level 4 of the Dungeon)

   It affects your dexterity (+4).
   It makes you more stealthy.
 G - a +3 scale mail (melded)
 P - a +2 cloak of invisibility (melded)
Jewellery
 d - an uncursed amulet of regeneration {unknown}
 f - an uncursed ring of ice {unknown}
 r - an amulet of rage (around neck)
 J - a +2 ring of dexterity (left branch)
 N - an uncursed ring of fire {unknown}
Wands
 l - a wand of lightning (7)
 x - a wand of random effects (25)
 A - a wand of confusion (16)
 E - a wand of draining (3)
 F - a wand of confusion (40)
 H - a wand of cold (4)
 I - a wand of confusion (30)
 K - a wand of fire (0)
Scrolls
 a - 5 scrolls of remove curse
 e - 4 scrolls of identify
 p - 8 scrolls of teleportation
 t - 4 scrolls of fear
 y - a scroll of blinking
 C - 3 scrolls of amnesia
 O - a scroll of brand weapon {unknown}
Potions
 c - a potion of invisibility
 i - 2 potions of brilliance
 q - a potion of lignification
Books
 u - a book of Minor Magic

   Spells                             Type                      Level
   a - Magic Dart                     Conjuration                  1
   b - Blink                          Translocation                2
   c - Call Imp                       Summoning                    2
   d - Repel Missiles                 Charms/Air                   2
   e - Slow                           Hexes                        2
   f - Conjure Flame                  Conjuration/Fire             3
   g - Mephitic Cloud                 Conjuration/Poison/Air       3
Comestibles
 b - 8 bread rations
 g - 5 chunks of flesh
 k - 5 meat rations
 s - 7 beef jerkies
 L - 4 fruits


   Skills:
 + Level 8.1 Fighting
 + Level 7.6 Axes
 + Level 0.1 Throwing
 + Level 8.0 Armour
 + Level 7.9 Dodging
 + Level 4.7 Stealth
 + Level 8.9 Shields
 + Level 5.4 Unarmed Combat
 + Level 0.6 Evocations


You had 11 spell levels left.
You didn't know any spells.

Dungeon Overview and Level Annotations

Branches:
Dungeon (12/15)            Temple (1/1) D:5            Lair (3/8) D:10
    Orc (2/4) D:9
  Swamp: Lair:3-6    Shoals: Lair:3-6     Snake: Lair:3-6    Spider: Lair:3-6

Altars:
Ashenzari
Cheibriados
Dithmenos
Elyvilon
Fedhas
Gozag
Kikubaaqudgha
Makhleb
Nemelex Xobeh
Okawaru
Qazlal
Ru
Sif Muna
Trog
Vehumet
Xom
Yredelemnul
Zin
The Shining One
Beogh

Annotations:
D:11 exclusion: ice statue
Orc:2 Nergalle


Innate Abilities, Weirdness & Mutations

((You have a pair of large horns on your head.))
(You are mostly covered in rugged brown scales (AC +2, +5% HP).)
((Your flesh is heat resistant.))
((You are mostly covered in sharp spines.))
Your mind is acute. (Int +2)
You are resistant to hostile enchantments.
Your muscles are strong. (Str +2)
Your spells are a little harder to cast, but a little more powerful.


Message History

Unknown command.
Unknown command.
Unknown command.
The giant frog croaks.
You slash the porcupine! You freeze the porcupine.
You kill the porcupine!
You hit the porcupine. You freeze the porcupine.
The porcupine is almost dead.
You hit the yak but do no damage. You hit the yak. You freeze the yak.
The yak is lightly wounded.
You completely miss the yak.
The yak is lightly wounded.
You block the porcupine's attack. The yak gores you but does no damage.
The yak gores you but does no damage. You block the porcupine's attack.
The yak gores you but does no damage.
Unknown command.
Unknown command.
Unknown command.
You are struck by the porcupine's spines.
You die...

#....... ..
##...... ...
#......##.P.
...........
##..........
#...Y..... .
...##.YYY.#....
#.....r♣Y......
#.##...........
##..........
............
.............
...............
...H.F.........
...............


You could see 5 yaks, a hippogriff, a giant frog and a porcupine.

Vanquished Creatures
  The ghost of Juudaz the Fighter, a novice DsAK of Lugonu (D:11)
  The ghost of Charly the Covert, a novice OpSk of Cheibriados (D:11)
  A hill giant (D:10)
  An orc knight (Orc:1)
  An ugly thing (D:11)
  2 black mambas (Lair:2)
  Maurice (D:9)
  2 spiny frogs (Lair:1)
  A gargoyle (D:10)
  4 centaur skeletons
  A komodo dragon (D:10)
  3 trolls
  17 yaks
  Eustachio (D:6)
  2 hungry ghosts
  A deep elf fighter (D:8)
  2 steam dragons (D:11)
  3 hippogriffs
  2 water moccasins (Lair:2)
  3 porcupines
  3 sky beasts
  3 ice beasts
  Duvessa (D:6)
  5 orc warriors
  Purgy (Sewer)
  6 black bears
  A necrophage (D:10)
  A phantom (D:11)
  An eye of draining (D:8)
  11 ogres
  2 centaurs
  4 crocodiles
  8 giant frogs
  Dowan (D:6)
  2 big kobolds
  A wyvern skeleton (D:11)
  2 scorpions
  6 killer bees
  8 wights
  5 hounds
  4 orc priests
  A centaur zombie (D:11)
  4 crimson imps
  A quasit (D:10)
  3 jellies
  Crazy Yiuf (D:5)
  10 iguanas
  4 orc wizards
  2 giant frog skeletons
  7 worker ants
  The ghost of Storrund the Grasshopper, a weakling TrWr (D:3)
  A hound zombie (D:5)
  3 worker ant zombies
  8 adders
  7 gnolls
  3 shadow imps
  An ooze (D:3)
  5 worms
  37 orcs
  5 giant cockroaches
  6 hobgoblins
  14 jackals
  13 kobolds
  4 ball pythons
  4 bats
  3 giant geckos
  A giant gecko skeleton (D:7)
  11 giant newts
  8 goblins
  3 quokkas
  8 rats
305 creatures vanquished.

Notes
Turn   | Place    | Note
--------------------------------------------------------------
     0 | D:1      | JustSomeDude the Demonspawn Monk began the quest for the Orb.
     0 | D:1      | Reached XP level 1. HP: 18/18 MP: 1/1
   326 | D:1      | Gained mutation: You are partially covered in sharp spines. [demonic ancestry]
   326 | D:1      | Reached XP level 2. HP: 8/24 MP: 2/2
   884 | D:2      | Found an opulent altar of Gozag.
   995 | D:2      | Reached skill level 4 in Unarmed Combat
  1077 | D:2      | Reached XP level 3. HP: 29/29 MP: 3/3
  1210 | D:2      | Found a glowing golden altar of the Shining One.
  1385 | D:2      | Found an iron altar of Okawaru.
  1628 | D:3      | Noticed Storrund's ghost (weakling TrWr)
  1637 | D:3      | Gained mutation: You are partially covered in rugged brown scales (AC +1, +3% HP). [demonic ancestry]
  1637 | D:3      | Reached XP level 4. HP: 23/37 MP: 4/4
  1650 | D:3      | Killed Storrund's ghost
  1916 | D:3      | Reached skill level 1 in Armour
  1920 | D:3      | Gained mutation: You are mostly covered in sharp spines. [demonic ancestry]
  1920 | D:3      | Reached XP level 5. HP: 41/43 MP: 5/5
  1928 | D:3      | Reached skill level 1 in Shields
  2132 | D:4      | Found a sparkling altar of Nemelex Xobeh.
  2389 | D:4      | Noticed an ogre
  2395 | D:4      | Killed an ogre
  2395 | D:4      | Gained mutation: You have a pair of small horns on your head. [demonic ancestry]
  2395 | D:4      | Reached XP level 6. HP: 47/49 MP: 6/6
  2450 | D:4      | Found a glowing drain.
  2466 | Sewer    | Entered a sewer
  2510 | Sewer    | Noticed Purgy
  2530 | Sewer    | Killed Purgy
  2530 | Sewer    | Reached skill level 5 in Unarmed Combat
  2990 | D:4      | Got a spiked shield
  3001 | D:4      | Identified the +0 shield of Huebowk {Dex+4 Stlth+} (You found it on level 4 of the Dungeon)
  3167 | D:5      | Entered Level 5 of the Dungeon
  3170 | D:5      | Reached XP level 7. HP: 55/55 MP: 7/7
  3413 | D:5      | Found a staircase to the Ecumenical Temple.
  3422 | Temple   | Entered the Ecumenical Temple
  3899 | D:5      | Noticed Crazy Yiuf
  3903 | D:5      | Killed Crazy Yiuf
  3903 | D:5      | Reached skill level 1 in Axes
  3997 | D:5      | Noticed a hungry ghost
  4006 | D:5      | Killed a hungry ghost
  4006 | D:5      | Reached XP level 8. HP: 54/62 MP: 8/8
  4036 | D:6      | Noticed Eustachio
  4065 | D:6      | Killed Eustachio
  4187 | D:6      | Noticed Duvessa
  4187 | D:6      | Noticed Dowan
  4194 | D:6      | Reached skill level 5 in Fighting
  4196 | D:6      | Killed Duvessa
  4203 | D:6      | Killed Dowan
  4276 | D:6      | Found a bloodstained altar of Trog.
  4345 | D:6      | Found a stormy altar of Qazlal.
  4528 | D:6      | Reached skill level 5 in Shields
  4571 | D:6      | Reached skill level 5 in Armour
  4588 | D:6      | Found a radiant altar of Vehumet.
  4632 | D:7      | Gained mutation: You have a pair of horns on your head. [demonic ancestry]
  4632 | D:7      | Reached XP level 9. HP: 61/70 MP: 9/9
  5319 | D:7      | Reached skill level 6 in Shields
  5327 | D:7      | Gained mutation: You evolve. [mutagenic meat]
  5328 | D:7      | Gained mutation: Scrolls take you a little longer to read. [mutagenic meat]
  5329 | D:7      | Gained mutation: You are clumsy. (Dex -2) [mutagenic meat]
  5330 | D:7      | Lost mutation: You are clumsy. (Dex -2) [mutagenic meat]
  5331 | D:7      | Lost mutation: You evolve. [potion of cure mutation]
  5331 | D:7      | Lost mutation: Scrolls take you a little longer to read. [potion of cure mutation]
  5554 | D:8      | Reached skill level 5 in Dodging
  6161 | D:8      | Found a white marble altar of Elyvilon.
  6534 | D:9      | Found a sacrificial altar of Ru.
  6536 | D:9      | Found a shattered altar of Ashenzari.
  6536 | D:9      | Found a shadowy altar of Dithmenos.
  6540 | D:9      | Found a basalt altar of Yredelemnul.
  6744 | D:9      | Found a staircase to the Orcish Mines.
  6749 | D:9      | Found a roughly hewn altar of Beogh.
  6974 | D:9      | Noticed Maurice
  6996 | D:9      | Killed Maurice
  7125 | Orc:1    | Entered Level 1 of the Orcish Mines
  7137 | Orc:1    | Gained mutation: You have a pair of large horns on your head. [demonic ancestry]
  7137 | Orc:1    | Reached XP level 10. HP: 62/78 MP: 10/10
  7229 | Orc:1    | Noticed an orc knight
  7247 | Orc:1    | Killed an orc knight
  7247 | Orc:1    | Reached skill level 7 in Shields
  7618 | Orc:2    | Noticed Nergalle
  7667 | D:10     | Entered Level 10 of the Dungeon
  7772 | D:10     | Noticed a hill giant
  7782 | D:10     | Gained mutation: Your mind is acute. (Int +2) [potion of beneficial mutation]
  8611 | D:10     | Reached skill level 5 in Axes
  8714 | D:10     | Found a staircase to the Lair.
  9171 | D:10     | Gained mutation: Your flesh is heat resistant. [demonic ancestry]
  9171 | D:10     | Reached XP level 11. HP: 85/85 MP: 11/11
  9191 | D:10     | Reached skill level 8 in Shields
  9314 | D:10     | Gained mutation: You are resistant to hostile enchantments. [potion of mutation]
  9314 | D:10     | Gained mutation: Your spells are a little harder to cast, but a little more powerful. [potion of mutation]
  9314 | D:10     | Gained mutation: Your muscles are strong. (Str +2) [potion of mutation]
  9327 | D:10     | Killed a hill giant
  9692 | D:11     | Noticed Charly's ghost (novice OpSk)
  9707 | D:11     | Killed Charly's ghost
 10357 | D:11     | Noticed Juudaz's ghost (novice DsAK)
 10381 | D:11     | Killed Juudaz's ghost
 11013 | Lair:1   | Entered Level 1 of the Lair of Beasts
 11645 | Lair:2   | Gained mutation: You are mostly covered in rugged brown scales (AC +2, +5% HP). [demonic ancestry]
 11645 | Lair:2   | Reached XP level 12. HP: 76/96 MP: 12/12
 11799 | Lair:2   | You fall through a shaft!
 11809 | Lair:3   | Impaled on a porcupine's spines

Action                   |  1- 3 |  4- 6 |  7- 9 | 10-12 || total
-------------------------+-------+-------+-------+-------++-------
Melee: Unarmed           |    88 |   130 |       |       ||   218
       Hand axe          |       |     5 |   251 |   446 ||   702
 Abil: Evoke Berserk Rag |       |       |       |     1 ||     1
Evoke: Wand              |       |       |       |     3 ||     3
  Use: Scroll            |       |     7 |     8 |     4 ||    19
       Potion            |       |       |     3 |    18 ||    21
 Stab: Sleeping          |     1 |       |     1 |     5 ||     7
       Invisible         |       |       |     4 |       ||     4
       Distracted        |       |       |       |     1 ||     1
  Eat: Meat ration       |     1 |       |     1 |     1 ||     3
       Chunk             |       |     2 |    10 |    11 ||    23
       Fruit             |       |       |     2 |     1 ||     3
       Pizza             |       |       |     2 |       ||     2
       Beef jerky        |       |       |     1 |     1 ||     2
